 Dungeon Crawl Stone Soup version 0.31-a0-237-g2d982f9f85 (webtiles) character file.

Game seed: 4164288800444677615

9 qw the Shooter (level 2, -3/16 HPs)
             Began as a Gargoyle Hexslinger on July 10, 2023.
             Slain by a gnoll
             ... wielding a +0 club
              (6 damage)
             ... on level 1 of the Dungeon.
             The game lasted 00:00:06 (420 turns).

qw the Shooter (Gargoyle Hexslinger)                 Turns: 420, Time: 00:00:07

Health: -3/16      AC:  4    Str: 11    XL:     2   Next: 12%
Magic:  3/3        EV: 12    Int: 13    God:
Gold:   42         SH:  0    Dex: 12    Spells: 2/3 levels left

rFire   . . .        a - +1 sling
rCold   . . .        (no shield)
rNeg    + . .        c - +0 robe
rPois   inf          (no helmet)
rElec   +            (no cloak)
rCorr   .            (no gloves)
SInv    .            (no boots)
Will    .....        (no amulet)
Stlth   +            (no ring)
HPRegen 0.22/turn    (no ring)
MPRegen 0.08/turn

%: no passive effects
@: no status effects
A: sickness immunity, AC +2, negative energy resistance 1, electricity
resistance, torment resistance 1, petrification resistance
a: no special abilities


You were on level 1 of the Dungeon.
You visited 1 branch of the dungeon, and saw 1 of its levels.

You collected 42 gold pieces.


Innate Abilities, Weirdness & Mutations

You are immune to sickness and miasma.
Your stone body is resilient. (AC +2)
You are immune to poison.
You resist negative energy. (rN+)
You are resistant to electric shocks. (rElec)
You are resistant to unholy torment.
You are immune to petrification.


   Skills:
 - Level 1.1 Fighting
 + Level 2.8 Ranged Weapons
 - Level 1.5 Dodging
 - Level 1.0 Spellcasting
 - Level 2.6 Hexes


You had 2 spell levels left.
You knew the following spells:

 Your Spells              Type           Power      Damage    Failure   Level
a - Slow                  Hex            28%        N/A       10%         1

Your spell library contained the following spells:

 Spells                   Type           Power      Damage    Failure   Level
 Inner Flame              Hex/Fire       4%         N/A       43%         3
 Portal Projectile        Hex/Tloc       8%         N/A       43%         3
 Cause Fear               Hex            3%         N/A       67%         4

Inventory:

Hand Weapons
 a - a +1 sling (weapon)
Armour
 c - a +0 robe (worn)
Scrolls
 b - a scroll of poison
 f - 3 scrolls of teleportation {unknown}
Potions
 d - a potion of curing {unknown}
 e - 2 potions of haste {unknown}

Dungeon Overview and Level Annotations

Branches:
Dungeon (1/15)

Altars:


Message History

Enter note:
Enter note:
Found an escape hatch in the floor.
Enter note:
Enter note:
Enter note: You open the large door.
There is a large open door here.
There is a large open door here.
There is a large open door here.
There is a large open door here.
You open the door.
There is an open door here.
A gnoll comes into view. It is wielding a +0 club.
The gnoll shouts!
Enter note:
Enter note:
Enter note:
Enter note: You shoot a sling bullet.
The sling bullet hits the gnoll.
The gnoll is heavily wounded.
You shoot a sling bullet.
The sling bullet completely misses the gnoll.
The gnoll barely misses you.
You shoot a sling bullet.
The sling bullet completely misses the gnoll.
The gnoll hits you with a +0 club. x2
You shoot a sling bullet. The sling bullet hits the gnoll.
The gnoll is heavily wounded.
The gnoll hits you with a +0 club.
You shoot a sling bullet. The sling bullet hits the gnoll.
The gnoll is severely wounded.
The gnoll closely misses you.
You shoot a sling bullet. The sling bullet hits the gnoll.
The gnoll is severely wounded.
The gnoll closely misses you.
You shoot a sling bullet.
The sling bullet barely misses the gnoll.
The gnoll misses you. The gnoll hits you with a +0 club.
You die...

#.#.#
#...##............
#.#.#
#...####+#........
#.#.# #...#
#......##... ..#.#
##### #>.....''...
###.# #......##...
#.# #......+....
#.########
#.)....##...
......g.#
#......##... #@#
#......##### #.#
#......# #.#
#......# #.#
###'####
#.#######.#
#.........#
###########


You could see a gnoll.

Vanquished Creatures
  A ball python (D:1)
  A bat (D:1)
  An endoplasm (D:1)
  A goblin (D:1)
  A hobgoblin (D:1)
  A kobold (D:1)
  A rat (D:1)
7 creatures vanquished.

Notes
Turn   | Place    | Note
-------+----------+-------------------------------------------
     0 | D:1      | qw the Gargoyle Hexslinger began the quest for the Orb.
     0 | D:1      | Reached XP level 1. HP: 12/12 MP: 2/2
     0 | D:1      | 0 ||| qw: Version: 0.3-a-52-g30416fa
     0 | D:1      | 0 ||| qw: Game counter: 5040
     0 | D:1      | 0 ||| qw: Melee chars always use a shield: true
     0 | D:1      | 0 ||| qw: God list: Okawaru
     0 | D:1      | 0 ||| qw: Allow faded altars: false
     0 | D:1      | 0 ||| qw: Do Orc after clearing Dungeon:15 true
     0 | D:1      | 0 ||| qw: Do second Lair branch before Depths: true
     0 | D:1      | 0 ||| qw: Lair rune preference: random
     0 | D:1      | 0 ||| qw: Goals: Normal
     0 | D:1      | 0 ||| PLANNING D:1-11
   130 | D:1      | HP: 3/12 [ball python (2)]
   133 | D:1      | HP: 1/12 [constriction (1)]
   203 | D:1      | Reached XP level 2. HP: 16/16 MP: 3/3
   235 | D:1      | Found a faded altar of an unknown god.
   417 | D:1      | HP: 2/16 [gnoll/+0 club (4)]
   420 | D:1      | Slain by a gnoll

Levels and vault maps discovered:
D:1:      saegor_arrival_under_anarchy, layout_basic,
          ebering_ecumenical_altar_petrified, serial_shops, shop,
          hex_intersection, minmay_split_cup_small

Action                     || total
---------------------------++-------
   Fire: Sling             ||    32
 Armour: Robe              ||     9
  Dodge: Dodged            ||    15

Table legend:
 A = Non-vault XP
 B = Vault XP
 C = Vault XP percentage of total XP
 D = Non-vault monster count
 E = Vault monster count
 F = Vault count percentage of total count
                 A         B        C        D         E       F
            +---------+---------+-------+---------+---------+-------
      Total |       7 |       6 |  46.2 |       4 |       3 |  42.9
            +---------+---------+-------+---------+---------+-------
        D:1 |       7 |       6 |  46.2 |       4 |       3 |  42.9
            +---------+---------+-------+---------+---------+-------
